AoeStats
← Rough-Rider

Arena

507194269Analyzed
4v4 RM · 16d ago on Sep 17, 2026· 52m 33s· 8 players
Game mode
Random Map
Map size
Large (8 player)
Population
200
Speed
Normal
Resources
Standard
Victory
Conquest
Starting age
Dark Age
Ending age
Imperial Age
RankedLock teamsTeams togetherTeam positionsShared explorationLock speedFull tech treeHidden civsTurbo modeCheats
Victory
Defeat
🇲🇽 Spanish · Mexico
1020
+16
🇨🇦 Huns · Canada
1019
+16
🇺🇸 Armenians · United States
997
+17
🇲🇽 Koreans · Mexico
977
+17
🇲🇽 Khmer · Mexico
1030
-17
🇲🇽 Spanish · Mexico
1014
-17
🇺🇸 Teutons · United States
1006
-16
🇨🇳 Mongols · China
1002
-16
TDMC | SpAwN_™
0:27 Loom
10:17 Feudal Age
10:43 Double-Bit Axe
10:53 Gold Mining
18:05 Castle Age
16:13 Horse Collar
18:47 Wheelbarrow
19:17 Forging
19:46 Scale Barding Armor
20:37 Husbandry
25:34 Heavy Plow
26:13 Scale Mail Armor
26:58 Bow Saw
28:15 Hand Cart
28:34 Bloodlines
29:22 Man-at-Arms
30:54 Gold Shaft Mining
30:57 Iron Casting
30:11 Gambesons
34:11 Imperial Age
32:08 Long Swordsman
32:51 Squires
33:22 Chain Mail Armor
33:28 Two-Handed Swordsman
35:16 Conscription
34:23 Champion
36:07 Blast Furnace
35:18 Fereters
36:23 Plate Mail Armor
36:05 Stone Mining
39:53 Pikeman
41:43 Halberdier
marcobecerrap
10:47 Feudal Age
12:27 Wheelbarrow
11:39 Double-Bit Axe
15:24 Castle Age
14:41 Stone Mining
14:43 Horse Collar
21:49 Loom
25:55 Bow Saw
27:43 Fortified Wall
28:37 Ballistics
34:39 Imperial Age
33:44 Hand Cart
34:16 Forging
33:57 Fletching
34:07 Padded Archer Armor
34:13 Scale Barding Armor
36:18 Iron Casting
35:39 Bodkin Arrow
36:53 Chemistry
36:04 Masonry
36:30 Leather Archer Armor
37:27 Husbandry
37:38 Bloodlines
36:49 Cavalier
38:22 Chain Barding Armor
39:19 Gold Mining
40:05 Stone Shaft Mining
40:25 Pikeman
41:06 Squires
40:51 Arson
43:03 Scale Mail Armor
44:03 Blast Furnace
43:04 Bracer
43:40 Plate Barding Armor
44:07 Ring Archer Armor
43:14 Halberdier
45:59 Elite Skirmisher
46:45 Thumb Ring
alexisfabian95
12:33 Feudal Age
14:04 Double-Bit Axe
18:10 Castle Age
15:58 Loom
16:29 Stone Mining
17:16 Gold Mining
17:27 Fletching
19:34 Bodkin Arrow
21:21 Ballistics
25:00 Town Watch
30:05 Wheelbarrow
31:41 Husbandry
33:33 Town Patrol
34:14 Masonry
43:33 Bow Saw
43:06 Horse Collar
46:11 Forging
46:36 Light Cavalry
47:35 Hand Cart
47:29 Heavy Plow
48:08 Gold Shaft Mining
52:43 Imperial Age
51:47 Stone Shaft Mining
52:50 Scale Barding Armor
53:21 Iron Casting
youtube.com/@Murkwilect
10:42 Feudal Age
15:18 Castle Age
14:08 Double-Bit Axe
14:05 Horse Collar
15:51 Wheelbarrow
16:39 Wheelbarrow
17:18 Bow Saw
18:51 Fletching
19:01 Gold Mining
20:48 Loom
24:32 Bodkin Arrow
25:10 Ballistics
24:52 Padded Archer Armor
25:58 Hand Cart
27:24 Leather Archer Armor
27:34 Bloodlines
30:17 Thumb Ring
32:49 Imperial Age
31:35 Scale Barding Armor
31:40 Forging
32:23 Gold Shaft Mining
31:39 Stone Mining
33:33 Bracer
34:58 Chemistry
37:21 Conscription
45:20 Guilds
52:02 Husbandry
Elma Kanon
11:18 Feudal Age
14:41 Castle Age
16:57 Husbandry
20:32 Bloodlines
21:33 Double-Bit Axe
21:55 Horse Collar
24:10 Heavy Plow
24:26 Loom
25:53 Bow Saw
25:37 Gold Mining
30:32 Imperial Age
30:43 Wheelbarrow
30:49 Gold Shaft Mining
31:41 Hand Cart
31:56 Forging
32:27 Crop Rotation
32:55 Scale Barding Armor
35:11 Iron Casting
35:40 Chain Barding Armor
35:29 Elite Battle Elephant
38:58 Plate Barding Armor
40:17 Blast Furnace
39:56 Scale Mail Armor
42:03 Pikeman
43:00 Chain Mail Armor
43:26 Halberdier
43:51 Arson
Rough-Rider
12:31 Feudal Age
16:23 Castle Age
14:19 Horse Collar
14:49 Double-Bit Axe
15:16 Fletching
15:38 Loom
16:10 Stone Mining
18:10 Bodkin Arrow
22:21 Ballistics
25:58 Town Watch
30:38 Wheelbarrow
34:39 Imperial Age
33:47 Fortified Wall
38:05 Hand Cart
43:05 Onager
lml_IngEddie_lml
11:06 Feudal Age
10:01 Loom
11:36 Double-Bit Axe
17:06 Castle Age
17:12 Wheelbarrow
17:19 Wheelbarrow
17:23 Gold Mining
18:50 Fletching
22:48 Stone Mining
25:04 Horse Collar
25:25 Bodkin Arrow
28:05 Hand Cart
30:14 Heavy Plow
31:12 Bow Saw
31:05 Town Watch
35:50 Imperial Age
33:26 Elite Skirmisher
34:08 Squires
34:46 Coinage
34:39 Forging
34:30 Padded Archer Armor
34:31 Man-at-Arms
35:19 Thumb Ring
36:57 Conscription
37:06 Fervor
38:17 Two-Man Saw
37:01 Long Swordsman
37:29 Gambesons
38:02 Two-Handed Swordsman
39:20 Iron Casting
38:46 Scale Mail Armor
38:47 Bracer
39:03 Leather Archer Armor
38:36 Pikeman
39:31 Capped Ram
40:50 Illumination
40:15 Halberdier
42:36 Blast Furnace
41:52 Chain Mail Armor
42:43 Block Printing
42:52 Champion
43:52 Arson
45:01 Banking
44:59 Sanctity
47:08 Plate Mail Armor
52:19 Ring Archer Armor
fly
0:29 Loom
12:15 Feudal Age
17:25 Castle Age
15:16 Horse Collar
17:12 Double-Bit Axe
18:30 Bow Saw
22:07 Scale Barding Armor
22:13 Forging
23:42 Bloodlines
24:16 Iron Casting
25:05 Chain Barding Armor
29:17 Husbandry
34:25 Imperial Age
35:08 Elite Steppe Lancer
37:42 Blast Furnace
42:35 Fletching
44:07 Bodkin Arrow
46:16 Light Cavalry
47:29 Bracer
47:10 Hussar
Connection lost

Rejoining the realm…

Still unreachable

The connection could not be restored.

Session expired

The server has moved on; the page needs a fresh start.